[Event "1st Heraklion Tal 2019"]
[Site "Heraklion"]
[Date "2019.04.29"]
[Round "1.2"]
[White "Milonakis, Georgios"]
[Black "Megalios, Konstantinos"]
[Result "0-1"]
[ECO "A11"]
[WhiteElo "2285"]
[BlackElo "2411"]
[Annotator "RC"]
[PlyCount "100"]
[EventDate "2019.04.29"]
[EventType "tourn"]
[EventCountry "GRE"]
[SourceTitle "playchess.com"]
[Source "ChessBase"]
[SourceQuality "1"]
[TimeControl "40/5400+30:1800+30"]

1. Nf3 d5 2. g3 c6 3. Bg2 Bg4 4. c4 e6 5. cxd5 exd5 6. O-O Nf6 7. d3 Bc5 8. Nc3 O-O 9. Qb3 Bb6 10. Na4 Re8 11. Nxb6 axb6 12. Re1 Nbd7 13. h3 Nc5 14. Qc3 Bh5 15. Bg5 Ne6 16. Bxf6 Qxf6 17. Qxf6 gxf6 18. g4 Bg6 19. d4 Ra4 20. e3 Rea8 21. a3 b5 22. Rad1 b4 23. axb4 Rxb4 24. Rd2 Ra2 25. Ree2 Nc7 26. Nh4 Nb5 27. Nxg6 hxg6 28. Rc2 Nd6 29. h4 f5 30. gxf5 Nxf5 31. h5 g5 32. Red2 Kg7 33. Rc5 Rbxb2 34. Rxb2 Rxb2 35. e4 Nxd4 36. exd5 Ne2+ 37. Kh2 cxd5 38. Rxd5 Nf4 39. Rxg5+ Kf6 40. Rg4 Rxf2 41. Kh1 Nxg2 42. h6 Ne3 43. Rg3 Nf5 44. Rh3 Ne7 45. h7 Ng6 46. h8=Q+ Nxh8 47. Rxh8 b5 48. Kg1 Rb2 49. Kf1 Ke5 50. Ke1 f5 0-1

[Event "1st Heraklion Tal 2019"]
[Site "Heraklion"]
[Date "2019.04.30"]
[Round "2.1"]
[White "Dimitrov, Atanas"]
[Black "Stoyanov, Tsvetan"]
[Result "1/2-1/2"]
[ECO "C48"]
[WhiteElo "2282"]
[BlackElo "2416"]
[Annotator "NA"]
[PlyCount "35"]
[EventDate "2019.04.29"]
[EventType "tourn"]
[EventCountry "GRE"]
[SourceTitle "playchess.com"]
[Source "ChessBase"]
[SourceQuality "1"]
[TimeControl "40/5400+30:1800+30"]

1. e4 e5 2. Nf3 Nc6 3. Nc3 Nf6 4. Bb5 a6 5. Bxc6 dxc6 6. Nxe5 Nxe4 7. Nxe4 Qd5 8. O-O Qxe5 9. d4 Qf5 10. Re1 Be6 11. Bg5 Bd6 12. Qd2 $11 h6 13. Bh4 g5 14. Nxd6+ cxd6 15. Bg3 O-O-O 16. Qb4 Qd5 17. b3 c5 18. dxc5 1/2-1/2

[Event "1st Heraklion Tal 2019"]
[Site "Heraklion"]
[Date "2019.04.30"]
[Round "2.2"]
[White "Antova, Gabriela"]
[Black "Navaratnam, Rohan Shan Tze"]
[Result "1/2-1/2"]
[ECO "D17"]
[WhiteElo "2246"]
[BlackElo "2068"]
[Annotator "NA"]
[PlyCount "68"]
[EventDate "2019.04.29"]
[EventType "tourn"]
[EventCountry "GRE"]
[SourceTitle "playchess.com"]
[Source "ChessBase"]
[SourceQuality "1"]
[TimeControl "40/5400+30:1800+30"]

1. d4 d5 2. c4 c6 3. Nf3 Nf6 4. Nc3 dxc4 5. a4 Bf5 6. Ne5 e6 7. f3 c5 8. dxc5 Qxd1+ 9. Nxd1 Bxc5 10. e4 Bg6 11. Be3 Nfd7 12. Nxd7 Nxd7 13. Bxc4 Ke7 14. Bxc5+ Nxc5 15. b4 Nd7 16. Ne3 Ne5 17. Kf2 Nxc4 18. Nxc4 Rac8 19. Ne3 Rc3 20. h4 h5 21. Rhd1 Rhc8 22. Rd4 f6 23. Rad1 Be8 24. b5 Ra3 25. R1d2 Rcc3 26. Nd1 Rc5 27. Nb2 Rc7 28. Rb4 Ra2 29. Ke2 a6 30. bxa6 bxa6 31. Ke3 a5 32. Rb8 Bxa4 33. Nxa4 Rxa4 34. Rh8 Ra3+ 1/2-1/2

[Event "1st Heraklion Tal 2019"]
[Site "Heraklion"]
[Date "2019.04.30"]
[Round "2.4"]
[White "Megalios, Konstantinos"]
[Black "Dudin, Gleb"]
[Result "1-0"]
[ECO "B38"]
[WhiteElo "2411"]
[BlackElo "2332"]
[Annotator "NA"]
[PlyCount "51"]
[EventDate "2019.04.29"]
[EventType "tourn"]
[EventCountry "GRE"]
[SourceTitle "playchess.com"]
[Source "ChessBase"]
[SourceQuality "1"]
[TimeControl "40/5400+30:1800+30"]

1. d4 g6 2. e4 Bg7 3. c4 d6 4. Nc3 c5 5. Nge2 cxd4 $11 6. Nxd4 a6 7. Be3 Nf6 8. f3 O-O 9. Qd2 Nc6 10. Be2 Nd7 11. Rc1 Nxd4 12. Bxd4 Bxd4 13. Qxd4 Ne5 14. O-O Nc6 15. Qe3 e5 16. Rfd1 Be6 17. Bf1 Rc8 18. b3 Qa5 19. Rxd6 Nd4 20. Na4 b5 21. Nb6 bxc4 22. Nxc8 Rxc8 23. Bxc4 Qc5 24. Rxe6 Nxf3+ 25. Kf2 Qxe3+ 26. Kxe3 1-0

[Event "1st Heraklion Tal 2019"]
[Site "Heraklion"]
[Date "2019.04.30"]
[Round "2.5"]
[White "Marinakis, Hristos"]
[Black "Milonakis, Georgios"]
[Result "1-0"]
[ECO "C77"]
[WhiteElo "2085"]
[BlackElo "2285"]
[Annotator "ChessBase"]
[PlyCount "85"]
[EventDate "2019.04.29"]
[EventType "tourn"]
[EventCountry "GRE"]
[SourceTitle "playchess.com"]
[Source "ChessBase"]
[SourceQuality "1"]
[TimeControl "40/5400+30:1800+30"]

1. e4 e5 2. Nf3 Nc6 3. Bb5 a6 4. Ba4 d6 5. c4 Nf6 6. d3 Be7 7. Nc3 O-O 8. O-O Bg4 9. Be3 Nd4 10. Bxd4 exd4 11. Ne2 Bxf3 12. gxf3 c5 13. Ng3 Rb8 14. Qe2 b5 15. Bb3 Re8 16. a4 b4 17. Kh1 Kh8 18. Rg1 Bf8 19. Qf1 Qc8 20. Bd1 g6 21. f4 Bh6 22. f5 d5 23. cxd5 c4 24. dxc4 Nxe4 25. Nxe4 Rxe4 26. Qh3 Bg7 27. Qg2 Re5 28. fxg6 hxg6 29. Rc1 Bh6 30. Bg4 Qc5 31. Qg3 Rbe8 32. Rc2 Rxd5 33. cxd5 Qxc2 34. d6 Qe4+ 35. f3 Qf4 36. d7 Rd8 37. Qh4 Qg5 38. Qe1 Qe3 39. Qh4 Qg5 40. Qe1 Qe3 41. Qxb4 Bf4 42. Qb6 Qf2 43. Qf6+ 1-0

[Event "1st Heraklion Tal 2019"]
[Site "Heraklion"]
[Date "2019.05.01"]
[Round "3.1"]
[White "Milonakis, Georgios"]
[Black "Dimitrov, Atanas"]
[Result "1/2-1/2"]
[ECO "D02"]
[WhiteElo "2285"]
[BlackElo "2282"]
[Annotator "NA"]
[PlyCount "116"]
[EventDate "2019.04.29"]
[EventType "tourn"]
[EventCountry "GRE"]
[SourceTitle "playchess.com"]
[Source "ChessBase"]
[SourceQuality "1"]
[TimeControl "40/5400+30:1800+30"]

1. Nf3 Nf6 2. g3 g6 3. Bg2 Bg7 4. O-O O-O 5. d4 c5 6. c3 d5 7. dxc5 a5 8. a4 Na6 9. Na3 Nxc5 10. Bf4 Bd7 11. Nb5 Bxb5 12. axb5 Qb6 13. Nd4 a4 14. Be5 Rfd8 15. Qc2 Rac8 16. Rfd1 Ng4 17. Bxg7 Kxg7 18. Qc1 Qf6 19. Qf4 h5 20. Qxf6+ Kxf6 21. Nc2 e6 22. f4 Nh6 23. Nb4 Nf5 24. Nd3 Ne3 25. Rdb1 Nc4 26. Nxc5 Rxc5 27. Rxa4 Rxb5 28. b3 Nd6 29. Rd4 Rc8 30. Rd3 Ke7 31. Kf2 f5 32. Ke1 Ra8 33. Rdd1 Ne4 34. Bxe4 fxe4 35. c4 Rc5 36. cxd5 exd5 37. b4 Rb5 38. Rb2 Ke6 39. Kf2 Ra4 40. Rd4 Ra3 41. e3 Rc3 42. Ke2 Rc4 43. Rxc4 dxc4 44. Kd2 Rd5+ 45. Kc3 b5 46. Rd2 Rd3+ 47. Rxd3 cxd3 48. h3 Kf5 49. Kd2 g5 50. fxg5 Kxg5 51. Kc3 Kf5 52. Kb3 Ke5 53. Kc3 Kd5 54. Kb3 Ke5 55. Kc3 Kf5 56. Kb3 Ke5 57. Kc3 Kd5 58. Kb3 Ke5 1/2-1/2

[Event "1st Heraklion Tal 2019"]
[Site "Heraklion"]
[Date "2019.05.01"]
[Round "3.4"]
[White "Navaratnam, Rohan Shan Tze"]
[Black "De Seroux, Camille"]
[Result "1-0"]
[ECO "B07"]
[WhiteElo "2068"]
[BlackElo "2151"]
[Annotator "NA"]
[PlyCount "49"]
[EventDate "2019.04.29"]
[EventType "tourn"]
[EventCountry "GRE"]
[SourceTitle "playchess.com"]
[Source "ChessBase"]
[SourceQuality "1"]
[TimeControl "40/5400+30:1800+30"]

1. e4 c5 2. c3 d6 3. d4 Nf6 4. Bd3 e5 5. Nf3 Nc6 6. Be3 cxd4 7. cxd4 Ng4 8. O-O Nxe3 9. fxe3 Be7 10. Nc3 O-O 11. Nd5 Bg4 12. Be2 Bxf3 13. Rxf3 Bg5 14. a3 Rc8 15. Rg3 Ne7 16. Qb3 Nxd5 17. Qxd5 Rc2 18. Bc4 Bh4 19. Rf3 Qg5 20. Bf1 Rxb2 21. Qxd6 exd4 22. exd4 Qd2 23. Rxf7 Rxf7 24. Qb8+ Rf8 25. Bc4+ 1-0

[Event "1st Heraklion Tal 2019"]
[Site "Heraklion"]
[Date "2019.05.02"]
[Round "4.1"]
[White "Dimitrov, Atanas"]
[Black "Antova, Gabriela"]
[Result "1-0"]
[ECO "D30"]
[WhiteElo "2282"]
[BlackElo "2246"]
[Annotator "NA"]
[PlyCount "45"]
[EventDate "2019.04.29"]
[EventType "tourn"]
[EventCountry "GRE"]
[SourceTitle "playchess.com"]
[Source "ChessBase"]
[SourceQuality "1"]
[TimeControl "40/5400+30:1800+30"]

1. Nf3 d5 2. g3 Nf6 3. Bg2 e6 4. b3 c5 5. Bb2 Nc6 6. O-O Be7 7. d4 O-O 8. c4 b6 9. cxd5 exd5 10. Nc3 Bb7 11. dxc5 bxc5 12. Rc1 Rc8 13. Na4 Ne4 14. Nd2 Nb4 15. a3 Na6 16. Nxe4 dxe4 17. Qc2 Bg5 18. e3 Qe8 19. Rfd1 f5 20. Qc4+ Kh8 21. Rd6 Nb8 22. Nxc5 Bc6 23. Bxg7+ 1-0

[Event "1st Heraklion Tal 2019"]
[Site "Heraklion"]
[Date "2019.05.02"]
[Round "4.5"]
[White "Milonakis, Georgios"]
[Black "Dudin, Gleb"]
[Result "0-1"]
[ECO "A21"]
[WhiteElo "2285"]
[BlackElo "2332"]
[Annotator "NA"]
[PlyCount "70"]
[EventDate "2019.04.29"]
[EventType "tourn"]
[EventCountry "GRE"]
[SourceTitle "playchess.com"]
[Source "ChessBase"]
[SourceQuality "1"]
[TimeControl "40/5400+30:1800+30"]

1. Nf3 g6 2. g3 Bg7 3. Bg2 e5 4. O-O Ne7 5. c4 c6 6. Nc3 d5 7. cxd5 cxd5 8. d3 h6 9. Bd2 O-O 10. b4 Be6 11. Rc1 b6 12. Rc2 Nbc6 13. b5 Nb4 14. Rb2 d4 15. Nb1 Nbd5 16. Rc2 Qd7 17. Na3 Nc3 18. Bxc3 dxc3 19. e4 Rfc8 20. Qc1 a6 21. Rxc3 axb5 22. Rxc8+ Rxc8 23. Qb1 Rc5 24. Rd1 Nc8 25. Qb2 Nd6 26. Ne1 Qa7 27. Nec2 Qa4 28. Ra1 h5 29. Nb4 Bh6 30. Nac2 Bd2 31. Rf1 Bxa2 32. d4 exd4 33. Qxd4 Nc4 34. Qd8+ Kh7 35. Qf8 Ne5 0-1

[Event "1st Heraklion Tal 2019"]
[Site "Heraklion"]
[Date "2019.05.03"]
[Round "5.1"]
[White "Dudin, Gleb"]
[Black "Dimitrov, Atanas"]
[Result "1-0"]
[ECO "A56"]
[WhiteElo "2332"]
[BlackElo "2282"]
[Annotator "ChessBase"]
[PlyCount "97"]
[EventDate "2019.04.29"]
[EventType "tourn"]
[EventCountry "GRE"]
[SourceTitle "playchess.com"]
[Source "ChessBase"]
[SourceQuality "1"]
[TimeControl "40/5400+30:1800+30"]

1. d4 Nf6 2. c4 c5 3. d5 e5 4. Nc3 d6 5. e4 Be7 6. Bd3 O-O 7. h3 Nbd7 8. Be3 a6 9. Nge2 Ne8 10. Qd2 g6 11. g4 Ng7 12. Ng3 Nf6 13. Bh6 Kh8 14. O-O-O Ng8 15. Be3 f5 16. exf5 gxf5 17. f4 e4 18. Be2 b5 19. g5 Bd7 20. Rdg1 Rf7 21. Nd1 Bf8 22. Bh5 Re7 23. Qc3 b4 24. Qc2 a5 25. Kb1 a4 26. Qf2 Qc8 27. Be2 Be8 28. Bc1 Raa7 29. Ne3 Rf7 30. h4 Rfe7 31. Bd1 h5 32. gxh6 Nxh6 33. Be2 Bf7 34. Qe1 Qe8 35. Qd1 Bg6 36. Rg2 Bh7 37. Rhg1 Qf7 38. Nh1 Qf6 39. Rg5 Nf7 40. Ng3 Nh6 41. Qf1 Qf7 42. Qh3 Qf6 43. Rg2 a3 44. Bd1 Reb7 45. Bb3 Rf7 46. h5 Qd4 47. Ne2 Qf6 48. Rg6 Bxg6 49. hxg6 1-0

[Event "1st Heraklion Tal 2019"]
[Site "Heraklion"]
[Date "2019.05.03"]
[Round "5.3"]
[White "Navaratnam, Rohan Shan Tze"]
[Black "Marinakis, Hristos"]
[Result "1/2-1/2"]
[ECO "E14"]
[WhiteElo "2068"]
[BlackElo "2085"]
[Annotator "NA"]
[PlyCount "71"]
[EventDate "2019.04.29"]
[EventType "tourn"]
[EventCountry "GRE"]
[SourceTitle "playchess.com"]
[Source "ChessBase"]
[SourceQuality "1"]
[TimeControl "40/5400+30:1800+30"]

1. d4 Nf6 2. Nf3 e6 3. c4 c5 4. e3 Be7 5. Nc3 O-O 6. Be2 b6 7. O-O Bb7 8. d5 exd5 9. cxd5 d6 10. e4 a6 11. a4 Re8 12. Nd2 Bf8 13. f3 Nbd7 14. Nc4 g6 15. Rb1 Ne5 16. Ne3 Bg7 17. b3 Ned7 18. Nc4 Nh5 19. Qc2 Qh4 20. Be3 Qe7 21. b4 cxb4 22. Rxb4 Rac8 23. Qd2 Ne5 24. Nxe5 Qxe5 25. Bd4 Qf4 26. Qd3 Bxd4+ 27. Qxd4 Qf6 28. Qxf6 Nxf6 29. Rxb6 Rxc3 30. Rxb7 Nxd5 31. Bxa6 Nc7 32. Be2 d5 33. Bb5 Nxb5 34. axb5 Rc2 35. h3 Ra8 36. exd5 1/2-1/2

[Event "1st Heraklion Tal 2019"]
[Site "Heraklion"]
[Date "2019.05.03"]
[Round "5.4"]
[White "Stoyanov, Tsvetan"]
[Black "Megalios, Konstantinos"]
[Result "0-1"]
[ECO "C55"]
[WhiteElo "2416"]
[BlackElo "2411"]
[Annotator "ChessBase"]
[PlyCount "124"]
[EventDate "2019.04.29"]
[EventType "tourn"]
[EventCountry "GRE"]
[SourceTitle "playchess.com"]
[Source "ChessBase"]
[SourceQuality "1"]
[TimeControl "40/5400+30:1800+30"]

1. e4 e5 2. Nf3 Nc6 3. Bc4 Nf6 4. d3 h6 5. c3 d6 6. a4 g6 7. a5 a6 8. Nbd2 Bg7 9. O-O O-O 10. Re1 Nh5 11. Nf1 Qf6 12. h4 Bg4 13. N1h2 Bd7 14. g3 Rae8 15. Nf1 Qd8 16. N3h2 Kh7 17. Ne3 Bc8 18. Bd2 Qd7 19. Qf3 Ne7 20. b4 f5 21. exf5 Nxf5 22. Nxf5 Rxf5 23. Qg2 c6 24. Bb3 d5 25. Bd1 Rf7 26. Bg4 Qd8 27. Re2 Nf6 28. Bxc8 Qxc8 29. Rae1 e4 30. d4 Ng4 31. Qh3 h5 32. Nxg4 hxg4 33. Qh2 Rf3 34. Be3 Qf5 35. Qg2 Bf8 36. Rc1 Bd6 37. Rd1 Rf8 38. Rc1 Rf7 39. Rcc2 Kg8 40. Rc1 Qe6 41. Rcc2 R7f5 42. Rc1 Qf7 43. Rce1 Qc7 44. Qh2 Kf7 45. Rc2 Ke6 46. Rce2 Rh5 47. Rc2 Qb8 48. Rce2 Rhf5 49. Qg2 Bxg3 50. Kh1 Bxh4 51. Qxg4 Qh8 52. Kg2 Qh5 53. Qxh5 Rxh5 54. Rh1 Kf5 55. Ree1 Bg5 56. Rxh5 gxh5 57. Bxg5 Kxg5 58. Rc1 Rd3 59. Rc2 Kg4 60. Kh2 Rd1 61. Kg2 h4 62. c4 Rxd4 0-1

[Event "1st Heraklion Tal 2019"]
[Site "Heraklion"]
[Date "2019.05.03"]
[Round "5.5"]
[White "Antova, Gabriela"]
[Black "De Seroux, Camille"]
[Result "1-0"]
[ECO "E14"]
[WhiteElo "2246"]
[BlackElo "2151"]
[Annotator "NA"]
[PlyCount "73"]
[EventDate "2019.04.29"]
[EventType "tourn"]
[EventCountry "GRE"]
[SourceTitle "playchess.com"]
[Source "ChessBase"]
[SourceQuality "1"]
[TimeControl "40/5400+30:1800+30"]

1. d4 Nf6 2. c4 e6 3. Nf3 Bb4+ 4. Nbd2 b6 5. a3 Bxd2+ 6. Qxd2 Bb7 7. e3 a5 8. b3 d6 9. Be2 O-O 10. O-O Nbd7 11. Bb2 Ne4 12. Qc2 f5 13. d5 exd5 14. Nd4 Qe7 15. cxd5 Bxd5 16. Bc4 Qf7 17. Bxd5 Qxd5 18. Qxc7 Ne5 19. Rad1 Rf7 20. Qc2 Qc5 21. Qe2 Re8 22. Rc1 Qd5 23. Rfd1 f4 24. f3 Nc5 25. e4 Qa8 26. b4 Nb7 27. Nf5 Qd8 28. Qb5 Re6 29. Qd5 Qf6 30. Rc8+ Rf8 31. Bxe5 dxe5 32. Rxf8+ Kxf8 33. Qxb7 g6 34. Nh6 Re7 35. Qb8+ Kg7 36. Ng4 axb4 37. Nxf6 1-0

[Event "1st Heraklion Tal 2019"]
[Site "Heraklion"]
[Date "2019.05.04"]
[Round "6.5"]
[White "Dudin, Gleb"]
[Black "Kozhuharov, Spas"]
[Result "1/2-1/2"]
[ECO "A30"]
[WhiteElo "2332"]
[BlackElo "2434"]
[Annotator "NA"]
[PlyCount "63"]
[EventDate "2019.04.29"]
[EventType "tourn"]
[EventCountry "GRE"]
[SourceTitle "playchess.com"]
[Source "ChessBase"]
[SourceQuality "1"]
[TimeControl "40/5400+30:1800+30"]

1. Nf3 Nf6 2. c4 e6 3. e3 c5 4. b3 Be7 5. Bb2 O-O 6. Be2 b6 7. O-O Bb7 8. d3 d5 9. Nbd2 Nc6 10. cxd5 Qxd5 11. a3 Rfd8 12. Qc2 Ng4 13. Rfd1 Bf6 14. h3 Bxb2 15. Qxb2 Nf6 16. Rac1 Rac8 17. Bf1 h6 18. Nc4 Kf8 19. d4 cxd4 20. Nxd4 Nxd4 21. Rxd4 Qc5 22. b4 Qc7 23. Na5 Qe7 24. Nxb7 Qxb7 25. Rxd8+ Rxd8 26. Be2 Rc8 27. Rd1 Ke7 28. Bf3 Qc7 29. Qd4 Rd8 30. Qxd8+ Qxd8 31. Rxd8 Kxd8 32. Kf1 1/2-1/2

[Event "1st Heraklion Tal 2019"]
[Site "Heraklion"]
[Date "2019.05.05"]
[Round "7.1"]
[White "Kozhuharov, Spas"]
[Black "Dimitrov, Atanas"]
[Result "1/2-1/2"]
[ECO "B13"]
[WhiteElo "2434"]
[BlackElo "2282"]
[Annotator "NA"]
[PlyCount "30"]
[EventDate "2019.04.29"]
[EventType "tourn"]
[EventCountry "GRE"]
[SourceTitle "playchess.com"]
[Source "ChessBase"]
[SourceQuality "1"]
[TimeControl "40/5400+30:1800+30"]

1. d4 d5 2. Bf4 c5 3. e3 cxd4 4. exd4 Nc6 5. c3 Nf6 6. Bd3 g6 7. Nd2 Bg7 8. Ne2 O-O 9. h3 Nd7 10. Nf3 e5 11. dxe5 Ndxe5 12. Nxe5 Nxe5 13. Bc2 Qb6 14. Rb1 Re8 15. O-O Qa6 1/2-1/2

[Event "1st Heraklion Tal 2019"]
[Site "Heraklion"]
[Date "2019.05.05"]
[Round "7.2"]
[White "Navaratnam, Rohan Shan Tze"]
[Black "Dudin, Gleb"]
[Result "1/2-1/2"]
[ECO "B06"]
[WhiteElo "2068"]
[BlackElo "2332"]
[Annotator "ChessBase"]
[PlyCount "191"]
[EventDate "2019.04.29"]
[EventType "tourn"]
[EventCountry "GRE"]
[SourceTitle "playchess.com"]
[Source "ChessBase"]
[SourceQuality "1"]
[TimeControl "40/5400+30:1800+30"]

1. e4 g6 2. d4 Bg7 3. Nf3 d6 4. c3 Nd7 5. Bd3 a6 6. O-O e6 7. Bg5 Ne7 8. Qd2 h6 9. Be3 b6 10. c4 Bb7 11. Nc3 g5 12. Ne1 Ng6 13. Ne2 Qe7 14. Nc2 Bf6 15. b4 c5 16. bxc5 bxc5 17. Rab1 cxd4 18. Bxd4 Nc5 19. Bxf6 Qxf6 20. f3 Ne5 21. Nc1 Qf4 22. Qxf4 gxf4 23. Rd1 O-O-O 24. Bf1 Kc7 25. Ne2 Ng6 26. g3 fxg3 27. hxg3 Ne5 28. Ned4 Rdg8 29. Kf2 h5 30. Nb3 Rg7 31. Ncd4 Ned7 32. Ne2 Rf8 33. Bh3 Bc6 34. Rh1 Nd3+ 35. Ke3 N3e5 36. Rbc1 Rfg8 37. c5 d5 38. Nbd4 Nc4+ 39. Kf2 Nde5 40. Rc3 dxe4 41. Nxc6 Kxc6 42. fxe4 Rd8 43. Bf1 Ng4+ 44. Ke1 Nce3 45. Nf4 Rb8 46. Bd3 e5 47. Ne2 Rh7 48. Ra3 Kxc5 49. Ra5+ Kb4 50. Rxa6 Rd8 51. Rb6+ Kc5 52. Rb5+ Kc6 53. Rb3 f6 54. Kd2 Ra7 55. a3 Rd6 56. Rc3+ Kd7 57. Rxh5 Ke6 58. Rh8 Rad7 59. Nc1 f5 60. exf5+ Kf6 61. Re8 Nf1+ 62. Kc2 Nge3+ 63. Kb3 Rb6+ 64. Ka2 Rdb7 65. Re6+ Rxe6 66. fxe6 Nd2 67. Ba6 Rb6 68. Bc8 Nd1 69. Rc2 Ne4 70. Nb3 Nec3+ 71. Rxc3 Nxc3+ 72. Kb2 Na4+ 73. Ka2 Rc6 74. Bd7 Rc2+ 75. Kb1 Rb2+ 76. Kc1 Rxb3 77. Bxa4 Rxa3 78. Bd7 Rd3 79. Kc2 Rd6 80. g4 Rd4 81. g5+ Ke7 82. g6 Rg4 83. Kd3 Kd6 84. g7 Rxg7 85. Ke4 Rg4+ 86. Kf3 Rf4+ 87. Ke3 Rh4 88. Kd3 Rh7 89. Ke4 Re7 90. Bc8 Rc7 91. Bd7 Rc4+ 92. Kd3 Rd4+ 93. Ke3 Ke7 94. Kf3 Kf6 95. Ke3 Rxd7 96. exd7 1/2-1/2

[Event "1st Heraklion Tal 2019"]
[Site "Heraklion"]
[Date "2019.05.05"]
[Round "7.4"]
[White "Antova, Gabriela"]
[Black "Marinakis, Hristos"]
[Result "1/2-1/2"]
[ECO "E10"]
[WhiteElo "2246"]
[BlackElo "2085"]
[Annotator "NA"]
[PlyCount "62"]
[EventDate "2019.04.29"]
[EventType "tourn"]
[EventCountry "GRE"]
[SourceTitle "playchess.com"]
[Source "ChessBase"]
[SourceQuality "1"]
[TimeControl "40/5400+30:1800+30"]

1. d4 Nf6 2. c4 e6 3. Nf3 c5 4. d5 b5 5. Bg5 exd5 6. cxd5 d6 7. e4 a6 8. a4 Be7 9. Bxf6 Bxf6 10. axb5 Bxb2 11. Ra2 Bf6 12. Bd3 O-O 13. O-O Bb7 14. Nbd2 axb5 15. Rxa8 Bxa8 16. Bxb5 Nd7 17. Qa4 Ne5 18. Nxe5 Bxe5 19. Nc4 Bd4 20. Bc6 Bxc6 21. Qxc6 Qe7 22. Nxd6 Rd8 23. Nb7 Rb8 24. Nd6 Rd8 25. Nb7 Rb8 26. Nd6 g6 27. g3 Rd8 28. Nb7 Rb8 29. Nd6 Rd8 30. Nb7 Rb8 31. Nd6 Rd8 1/2-1/2

[Event "1st Heraklion Tal 2019"]
[Site "Heraklion"]
[Date "2019.05.06"]
[Round "8.3"]
[White "Milonakis, Georgios"]
[Black "Antova, Gabriela"]
[Result "0-1"]
[ECO "B50"]
[WhiteElo "2285"]
[BlackElo "2246"]
[Annotator "ChessBase"]
[PlyCount "94"]
[EventDate "2019.04.29"]
[EventType "tourn"]
[EventCountry "GRE"]
[SourceTitle "playchess.com"]
[Source "ChessBase"]
[SourceQuality "1"]
[TimeControl "40/5400+30:1800+30"]

1. e4 c5 2. Nf3 d6 3. Bc4 e6 4. O-O Nf6 5. d3 Nc6 6. c3 Be7 7. Bb3 O-O 8. Re1 a6 9. Nbd2 b5 10. Nf1 Bb7 11. Ng3 Rc8 12. Bc2 Ne5 13. h3 Qc7 14. Nh2 Ng6 15. Bg5 d5 16. Bxf6 Bxf6 17. Ng4 Bh4 18. e5 Bxg3 19. fxg3 d4 20. Qe2 Rfd8 21. h4 Ne7 22. h5 h6 23. Rf1 Nf5 24. Kh2 Qe7 25. Qd2 dxc3 26. bxc3 b4 27. c4 Rd4 28. Nf2 Nxg3 29. Qe3 Qh4+ 30. Nh3 Nxf1+ 31. Rxf1 Qxh5 32. Rf2 Rcd8 33. Kg1 a5 34. Nf4 Qg5 35. g3 a4 36. Rh2 b3 37. axb3 axb3 38. Bb1 Ra8 39. Rb2 Ra3 40. Kf2 Qg4 41. Ne2 Qh3 42. Ke1 Qh1+ 43. Kd2 Bf3 44. Nxd4 Qd1+ 45. Kc3 cxd4+ 46. Kxd4 Ra1 47. Rf2 Bh5 0-1

[Event "1st Heraklion Tal 2019"]
[Site "Heraklion"]
[Date "2019.05.07"]
[Round "9.1"]
[White "Navaratnam, Rohan Shan Tze"]
[Black "Dimitrov, Atanas"]
[Result "1/2-1/2"]
[ECO "D02"]
[WhiteElo "2068"]
[BlackElo "2282"]
[Annotator "NA"]
[PlyCount "35"]
[EventDate "2019.04.29"]
[EventType "tourn"]
[EventCountry "GRE"]
[SourceTitle "playchess.com"]
[Source "ChessBase"]
[SourceQuality "1"]
[TimeControl "40/5400+30:1800+30"]

1. d4 Nf6 2. Nf3 c5 3. c3 d5 4. dxc5 a5 5. Bf4 Na6 6. e3 Nxc5 7. c4 g6 (7... e6 $14) 8. Nc3 Bg7 9. cxd5 O-O $16 10. Be2 Qb6 11. O-O Rd8 12. Be5 Bf5 13. Qd4 Qb4 14. Rfd1 Nce4 15. a3 Nxc3 16. Qxc3 Qxc3 17. Bxc3 Rxd5 18. Rxd5 1/2-1/2

[Event "1st Heraklion Tal 2019"]
[Site "Heraklion"]
[Date "2019.05.07"]
[Round "9.3"]
[White "Antova, Gabriela"]
[Black "Dudin, Gleb"]
[Result "1/2-1/2"]
[ECO "A42"]
[WhiteElo "2246"]
[BlackElo "2332"]
[Annotator "NA"]
[PlyCount "83"]
[EventDate "2019.04.29"]
[EventType "tourn"]
[EventCountry "GRE"]
[SourceTitle "playchess.com"]
[Source "ChessBase"]
[SourceQuality "1"]
[TimeControl "40/5400+30:1800+30"]

1. d4 g6 2. c4 Bg7 3. e4 d6 4. Nc3 e5 5. Nf3 Nc6 6. d5 Nce7 7. Be2 f5 8. exf5 gxf5 {[%emt 0:04:24] [#]} 9. Ng5 $1 Ng6 10. Bh5 N8e7 $14 11. f4 O-O 12. O-O Nxf4 13. Bxf4 exf4 14. Ne6 Bxe6 15. dxe6 Bxc3 16. Bf7+ Kg7 17. bxc3 Ng6 18. Qd5 Qg5 19. Bxg6 hxg6 20. Qxb7 Qe7 21. Rfe1 Rae8 22. Qxa7 Rf6 23. Qd4 Kh7 24. Qxf4 Rxe6 25. Rxe6 Qxe6 26. c5 Qd5 27. cxd6 cxd6 28. Qd4 Qb7 29. Rd1 Re2 30. Qh4+ Kg7 31. Qd4+ Kh7 32. Qh4+ Kg7 33. Qg3 Qe4 34. h4 f4 35. Qg4 Qe3+ 36. Kh1 Rxa2 37. h5 Qg3 38. Qxg6+ Qxg6 39. hxg6 Rc2 40. Rxd6 Rxc3 41. Kg1 f3 42. gxf3 1/2-1/2

[Event "1st Heraklion Tal 2019"]
[Site "Heraklion"]
[Date "2019.05.07"]
[Round "9.4"]
[White "De Seroux, Camille"]
[Black "Milonakis, Georgios"]
[Result "0-1"]
[ECO "C29"]
[WhiteElo "2151"]
[BlackElo "2285"]
[Annotator "NA"]
[PlyCount "28"]
[EventDate "2019.04.29"]
[EventType "tourn"]
[EventCountry "GRE"]
[SourceTitle "playchess.com"]
[Source "ChessBase"]
[SourceQuality "1"]
[TimeControl "40/5400+30:1800+30"]

1. e4 e5 2. Nc3 Nf6 3. f4 d5 4. fxe5 Nxe4 5. Qf3 Nxc3 6. dxc3 Be6 7. Bf4 c6 8. O-O-O Nd7 $11 9. Qg3 Qa5 10. a3 O-O-O 11. Nf3 Bxa3 12. bxa3 Nc5 13. Bd3 Qxc3 14. Ng5 Nb3+ 0-1

[Event "1st Heraklion Tal 2019"]
[Site "Heraklion"]
[Date "2019.05.07"]
[Round "9.5"]
[White "Megalios, Konstantinos"]
[Black "Marinakis, Hristos"]
[Result "1-0"]
[ECO "A46"]
[WhiteElo "2411"]
[BlackElo "2085"]
[Annotator "NA"]
[PlyCount "74"]
[EventDate "2019.04.29"]
[EventType "tourn"]
[EventCountry "GRE"]
[SourceTitle "playchess.com"]
[Source "ChessBase"]
[SourceQuality "1"]
[TimeControl "40/5400+30:1800+30"]

1. d4 Nf6 2. Nf3 e6 3. Bf4 c5 4. e3 cxd4 5. exd4 Be7 6. Nbd2 O-O 7. Bd3 b6 8. O-O Bb7 9. h3 d6 10. Re1 Re8 11. Bg3 Nbd7 12. a4 a6 13. a5 b5 14. c4 $11 bxc4 15. Nxc4 Nf8 16. Nb6 Ra7 17. Nd2 Ng6 18. Qa4 Nh5 19. Bh2 Nhf4 20. Bf1 Bf8 21. Ra3 Re7 22. Rc1 f5 23. Bxf4 Nxf4 24. g3 Nd5 25. Nxd5 Bxd5 26. Rac3 Rf7 27. Bg2 Bxg2 28. Kxg2 f4 29. g4 h5 30. Nf3 Qf6 31. Qc2 g6 32. Rc6 hxg4 33. hxg4 Rh7 34. Qe4 g5 35. Re1 Rhe7 36. Rxd6 Rh7 37. Rc6 Rae7 1-0